Map: Oxide LE

Players

Throwfordays - Winner!

  • Race: Terran Terran
  • League: Gold

Analog

  • Race: Zerg Zerg
  • League: Gold

VOD

Have the link to the VOD?

Description

Time

  • Played on: Aug. 27, 2021, 4:41 p.m.
  • Length: 8:27
Show
View Real Time Build Order
Export as new Build Order

Throwfordays Terran - Winner!

Build Orders:  

Get SALT Encoding   

  12  0:01  SCV  
  13  0:13  SCV  
  14  0:18  Supply Depot  
  14  0:25  SCV  
  15  0:32  Refinery  
  15  0:36  Refinery  
  15  0:49  Barracks  
  15  1:01  Supply Depot  
  15  1:02  SCV  
  16  1:14  SCV  
  17  1:26  SCV  
  18  1:36  Reaper  
  18  1:38  SCV  
  20  1:47  Barracks  
  20  1:50  SCV  
  21  2:02  SCV  
  21  2:08  Reaper  
  23  2:10  Barracks  
  23  2:14  SCV  
  24  2:26  SCV  
  25  2:36  Reaper  
  26  2:40  Reaper  
  26  2:43  Supply Depot  
  27  2:52  SCV  
  28  3:03  Reaper  
  27  3:39  Barracks Reactor, Engineering Bay  
  27  3:40  Barracks Reactor  
  27  3:51  Supply Depot  
  27  3:53  Barracks Reactor  
  27  3:54  Barracks Reactor  
  27  4:18  Reaper  
  27  4:19  Reaper  
  28  4:30  Reaper x3  
  28  4:31  Reaper  
  31  4:44  Terran Infantry Weapons Level 1  
  30  5:01  Engineering Bay  
  30  5:03  Reaper  
  30  5:04  Reaper x4  
  30  5:05  Reaper  
  36  5:12  SCV  
  37  5:42  Reaper  
  37  5:43  Reaper x3  
  39  6:24  Reaper  
  39  6:25  Reaper x3  
  43  6:38  Command Center  
  41  6:56  Reaper  
  41  6:57  Reaper x2  
  42  7:49  Reaper x5  
  42  7:50  Reaper  
Show
View Real Time Build Order
Export as new Build Order

Analog Zerg 

Build Orders: Pool First 

Get SALT Encoding   

  12  0:08  Overlord  
  12  0:13  Drone  
  13  0:24  Drone  
  14  0:30  Drone  
  15  0:37  Extractor  
  15  0:40  Spawning Pool  
  13  0:44  Drone  
  14  1:11  Hatchery  
  14  1:14  Drone  
  14  1:28  Zergling x6  
  17  1:38  Queen  
  19  1:44  Drone  
  20  1:50  Drone  
  21  2:08  Overlord  
  21  2:10  Metabolic Boost  
  20  2:36  Drone x5  
  24  2:37  Queen  
  24  2:42  Queen  
  27  2:50  Drone  
  28  2:52  Drone  
  28  2:53  Drone  
  30  3:04  Zergling x6  
  33  3:47  Drone x3  
  36  3:49  Overlord x3  
  36  3:53  Hatchery  
  35  4:10  Hatchery  
  33  4:47  Drone x4  
  33  4:48  Drone x5  
  42  5:04  Roach Warren  
  41  5:13  Queen  
  43  5:14  Queen  
  43  5:16  Drone  
  43  5:17  Drone x7  
  53  5:37  Zergling x16  
  61  5:47  Drone  
  57  6:13  Zergling x8  
  57  6:14  Zergling x14  
  62  6:23  Extractor  
  62  6:24  Zergling x2, Extractor  
  61  6:27  Extractor  
  61  6:30  Extractor  
  59  6:40  Spine Crawler  
  52  6:51  Zergling x12  
  52  6:52  Zergling x6  
  55  7:00  Drone  
  57  7:01  Drone x6  
  48  7:39  Zergling x2  
  48  7:40  Zergling x26  
Tags
 
League
GoldGold
Matchup
TvZ
Opening
Pool First
Replay Pack
Multiplayer
Add a new tag
Caveats
  • Supply blocks, unpowered buildings, or Contaminate may cause inaccurate times.
  • Supply counts are checked every 10 seconds.